Map: Mist Opportunities

Players

NamroodTuo

  • Race: Zerg Zerg

IntoTheSisu

  • Race: Terran Terran
  • Spawn Location: 6:00

VOD

Have the link to the VOD?

Description

Time

  • Played on: March 23, 2023, 1:42 p.m.
  • Length: 30:02
Show
View Real Time Build Order
Export as new Build Order

NamroodTuo Zerg 

Build Orders:  

Get SALT Encoding   

  12  0:12  Overlord  
  12  0:23  Infested SCV  
  12  0:28  Infested SCV  
  14  0:31  Infested SCV  
  15  0:53  Infested Barracks  
  15  0:55  Infested SCV  
  16  1:07  Infested SCV  
  16  1:08  Infested SCV  
  18  1:22  Overlord  
  18  1:37  Infested SCV  
  19  1:54  Infested Refinery  
  19  1:56  Infested SCV  
  19  1:58  Infestation Level 1  
  20  2:10  Infested SCV  
  20  2:11  Infested Refinery  
  21  2:25  Infested SCV  
  22  2:42  Overlord  
  22  2:57  Overlord  
  22  3:13  Infested SCV  
  23  3:29  Infested Bunker  
  27  4:02  Anaerobic Enhancement  
  27  4:09  Infested SCV  
  28  4:10  Infested SCV x2  
  28  4:19  Infested Engineering Bay  
  30  4:35  Infested Marine x5  
  30  4:36  Infested Marine x7  
  42  5:17  Infested Bunker  
  46  5:25  Infested Barracks Tech Lab  
  46  5:28  Infestation Level 2  
  46  5:30  Infested SCV  
  46  5:33  Overlord  
  47  5:54  Overlord  
  47  5:55  Overlord  
  47  6:00  Infested SCV  
  47  6:01  Infested SCV  
  49  6:16  Infested SCV  
  38  7:01  Infested Command Center  
  42  7:20  Infested Bunker  
  42  7:48  Broodling Gestation  
  42  8:12  Infested Bunker  
  46  8:44  Infested SCV x2  
  46  8:45  Infested SCV  
  49  9:17  Infested Bunker  
  57  9:32  Infested SCV x3, Infested Bunker  
  60  10:32  Infested Bunker  
  60  10:39  Infested SCV x2, Infested Bunker  
  70  10:40  Infested SCV x2  
  70  10:47  Infested Refinery  
  72  10:50  Infested SCV  
  72  10:57  Infested Factory  
  73  11:03  Infested Marine  
  73  11:04  Infested Marine x9  
  83  11:16  Regenerative Plating  
  80  12:16  Stukov Infantry Weapons Level 1  
  73  12:57  Infested Bunker  
  81  13:01  Infested SCV x3  
  81  13:02  Infested SCV x2, Infested Bunker  
  81  13:09  Overlord x5  
  86  13:22  Infested Armory  
  86  14:02  Infested Marine  
  86  14:03  Infested Marine x16  
  86  14:04  Infested Marine x3  
  106  14:13  Infested SCV x2  
  106  14:14  Infested SCV x2  
  106  14:15  Infested Bunker  
  122  14:30  Infested Bunker  
  121  14:56  Stukov Infantry Armor Level 1  
  123  15:11  Infested Bunker  
  123  15:19  Infested Bunker  
  123  15:20  Overlord  
  123  15:21  Overlord x6  
  123  15:27  Aggressive Incubation  
  123  15:30  Infested SCV  
  123  15:34  Infested SCV  
  108  15:40  Overlord  
  108  15:43  Infested SCV  
  109  16:07  Infested Refinery  
  109  16:11  Infestation Level 3  
  113  16:40  Infested Bunker  
  117  16:53  Infested Bunker  
  121  17:23  Infested Bunker  
  125  17:34  Plagued Munitions  
  125  17:36  Calcified Armor  
  125  17:42  Infested Bunker  
  125  17:59  Infested Marine x2  
  127  18:00  Infested Marine x18  
  145  18:12  Infested Barracks  
  145  18:32  Infested Barracks  
  145  18:36  Stukov Infantry Weapons Level 2  
  145  18:44  Infested Marine  
  145  18:45  Infested Marine x8  
  150  19:04  Retinal Augmentation  
  150  19:05  Stukov Vehicle and Ship Armor Level 1  
  134  19:23  Infested Barracks  
  134  20:01  Infested Marine  
  134  20:02  Infested Marine x10  
  134  20:03  Infested Marine x19  
  134  20:04  Infested Marine  
  164  20:10  Unknown  
  142  21:38  Infested Marine  
  142  21:39  Infested Marine x9  
  134  21:40  Infested Marine x20  
  134  21:41  Infested Marine x20  
  134  21:42  Infested Marine x9  
  134  21:45  Stukov Vehicle and Ship Weapons Level 1  
  134  21:46  Stukov Infantry Armor Level 2  
  183  21:57  Infested Marine x3  
  183  21:58  Infested Marine x4  
  189  22:12  Infested Marine  
  189  22:19  Overlord x3  
  190  22:20  Overlord x4  
  190  22:21  Overlord x2  
  186  22:32  Infested Bunker  
  133  23:23  Infested Marine  
  133  23:24  Infested Marine x11  
  133  23:25  Infested Marine x23  
  133  23:26  Infested Marine x10  
  173  23:56  Infested Marine  
  173  23:57  Infested Marine x13  
  173  23:58  Infested Marine x13  
  189  24:25  Stukov Vehicle and Ship Armor Level 2  
  187  24:30  Infested Marine  
  187  24:31  Infested Marine x5  
  187  24:32  Infested Marine x7  
  200  24:53  Infested Marine  
  200  24:55  Infested Marine  
  200  24:56  Stukov Infantry Weapons Level 3  
  162  25:13  Infested Marine  
  162  25:14  Infested Marine x13  
  162  25:15  Infested Marine x21  
  162  25:16  Infested Marine x9  
  181  25:53  Overseer x5  
  161  26:24  Infested Marine  
  161  26:25  Infested Marine x12  
  161  26:26  Infested Marine x22  
  161  26:27  Infested Marine x8  
  128  28:24  Infested Marine  
  128  28:25  Infested Marine x19  
  128  28:26  Infested Marine x18  
  166  28:50  Infested Marine  
  166  28:51  Infested Marine x6  
  166  28:52  Infested Marine x23  
  166  28:53  Infested Marine x5  
Show
View Real Time Build Order
Export as new Build Order

IntoTheSisu Terran 

Build Orders:  

Get SALT Encoding   

  12  0:04  SCV  
  13  0:21  SCV  
  14  0:38  SCV  
  15  0:57  Supply Depot  
  15  1:00  Barracks, SCV  
  16  1:17  SCV  
  16  1:19  Barracks  
  17  1:35  Orbital Command  
  17  1:39  Refinery  
  17  1:42  Marine  
  18  1:52  Marine x2  
  20  2:02  Marine  
  20  2:07  Supply Depot  
  21  2:12  Marine  
  21  2:14  Marine  
  23  2:25  SCV  
  23  2:27  Marine x2  
  24  2:37  Marine  
  24  2:39  Marine  
  26  2:42  SCV  
  29  2:50  Marine x2  
  31  3:09  Marine x2, Supply Depot  
  31  3:12  SCV  
  31  3:19  Marine x2  
  34  3:27  Unknown  
  36  3:32  SCV  
  36  3:39  Barracks Tech Lab  
  37  3:40  Barracks Tech Lab  
  37  3:59  Command Center  
  37  4:05  SCV  
  38  4:17  Stabilizer Medpacks  
  38  4:22  SCV  
  38  4:27  Supply Depot  
  39  4:35  Medic x2  
  43  4:40  SCV  
  43  4:48  Supply Depot  
  44  4:56  Marine x2  
  44  4:57  SCV  
  47  5:14  SCV  
  48  5:31  SCV  
  48  5:32  Marine x2  
  48  5:35  Refinery  
  51  5:49  Medic x2  
  49  5:56  SCV  
  49  5:58  Orbital Command  
  54  6:02  Marine x2  
  56  6:29  Refinery  
  56  6:30  SCV, Refinery  
  57  6:42  Barracks  
  57  6:43  Marine x2  
  57  6:44  Barracks  
  57  6:45  Barracks  
  59  7:00  SCV x2  
  61  7:10  Factory  
  61  7:11  Factory  
  61  7:17  SCV  
  62  7:24  Supply Depot  
  62  7:31  SCV  
  62  7:34  SCV, Barracks Tech Lab  
  62  7:35  Barracks Tech Lab  
  62  7:36  Barracks Reactor  
  64  7:47  Concussive Shells  
  64  7:48  SCV  
  64  7:49  Medic x2  
  65  7:51  SCV  
  70  8:03  Supply Depot  
  70  8:05  Marine x2  
  72  8:14  SCV x2  
  72  8:17  Factory Tech Lab x2  
  74  8:22  Command Center  
  73  8:47  Marine x6, Advanced Siege Tech  
  73  8:57  Marine  
  80  9:13  Siege Tank x2  
  86  9:34  Supply Depot  
  86  9:35  Supply Depot  
  86  9:39  Command Center, Supply Depot  
  86  9:47  Siege Tank x2  
  81  9:51  Siege Tank  
  81  9:52  Siege Tank  
  87  10:02  Medic x2  
  89  10:12  Siege Tank x2  
  89  10:13  Siege Tank  
  89  10:15  Orbital Command  
  89  10:33  Command Center  
  89  10:34  Marine x2  
  89  10:35  Marine x2, Command Center  
  93  11:01  Engineering Bay  
  93  11:03  Engineering Bay  
  93  11:06  Siege Tank x2  
  99  11:10  Medic  
  99  11:15  Medic x2  
  105  11:26  Orbital Command  
  105  11:34  Marauder x3, Siege Tank x2  
  110  11:59  Siege Tank x2  
  109  12:00  Marine x3  
  109  12:01  Marine x2  
  109  12:04  Marauder  
  121  12:11  Marauder x2  
  121  12:15  Marauder  
  121  12:16  Marauder  
  125  12:24  Marauder  
  127  12:34  Medic x3  
  133  12:44  Orbital Command x2  
  133  12:49  Marauder x2  
  78  12:50  Marauder x2  
  140  13:01  Siege Tank  
  143  13:13  Siege Tank x8  
  143  13:15  Marauder x4  
  151  13:35  Siege Tank  
  154  13:46  Supply Depot x3  
  154  13:53  SCV x2  
  156  14:01  Supply Depot  
  156  14:02  Supply Depot  
  156  14:12  Marauder x3  
  156  14:13  Marauder  
  157  14:25  Marauder  
  157  14:32  Siege Tank  
  153  14:41  Siege Tank x2  
  153  14:43  Marine x2  
  153  14:44  Marauder x3  
  162  15:03  Medic x2  
  162  15:04  Medic  
  162  15:06  Marauder  
  162  15:08  Siege Tank  
  169  15:14  Marauder  
  168  15:27  Marine x5  
  165  15:33  Terran Infantry Weapons Level 1, Terran Infantry Armor Level 1  
  165  15:36  Armory  
  165  15:38  Marine  
  165  15:39  Marine x5  
  170  16:30  Marauder  
  170  16:31  Marauder x3, Marine x2  
  175  16:43  Advanced Optics  
  175  16:45  Marine  
  175  16:46  Marine x5  
  181  16:56  Marine x2  
  183  17:11  Factory  
  183  17:13  Marine x6  
  189  17:27  Marine x2  
  189  17:28  Marine x4  
  189  17:37  Marine  
  195  17:44  Marine x4  
  200  18:17  Terran Infantry Weapons Level 2, Terran Infantry Armor Level 2  
  200  18:21  Starport  
  200  18:23  Starport  
  200  18:25  Starport  
  200  18:42  Command Center x2  
  200  18:45  Factory Tech Lab  
  198  18:52  Command Center  
  183  19:01  Marine  
  183  19:02  Marine x5  
  184  19:11  Marine  
  185  19:37  Marine  
  185  19:38  Marine x4  
  190  19:58  Marine x6  
  190  20:08  Marine  
  196  20:11  Marauder x2, Marine x2  
  199  20:20  Siege Tank x11  
  199  20:21  Siege Tank x2  
  199  20:26  Orbital Command x2  
  199  20:31  Starport Reactor, Starport Tech Lab x2  
  184  21:02  Orbital Command  
  184  21:17  Medic  
  186  21:21  Marine x5, Command Center x2  
  186  21:27  Marine  
  185  21:43  Marine x6  
  185  21:47  Siege Tank x3  
  194  22:28  Siege Tank x13  
  194  22:32  Marine x6  
  198  23:19  Marine x3  
  200  23:34  Siege Tank x16  
  200  24:14  Orbital Command x2  
  200  24:44  Terran Infantry Weapons Level 3  
  200  24:45  Terran Infantry Armor Level 3  
  200  24:47  Fusion Core, Starport, Terran Vehicle and Ship Weapons Level 1  
  200  24:51  Starport  
  200  25:03  Command Center x2  
  200  25:56  Starport Tech Lab x2  
  200  26:59  Orbital Command x2  
  199  27:56  Marine  
  199  27:57  Marine x2  
  200  28:24  Marine  
  200  28:52  Siege Tank x16  
  199  29:10  Medic  
Tags
 
Add a new tag
Caveats
  • Supply blocks, unpowered buildings, or Contaminate may cause inaccurate times.
  • Supply counts are checked every 10 seconds.